AoeStats
← Barko

MegaRandom

510195588Analyzed
2v2 RM · 4d ago on Sep 29, 2026· 39m 16s· 4 players
Game mode
Random Map
Map size
Medium (4 player)
Population
200
Speed
Normal
Resources
Standard
Victory
Conquest
Starting age
Dark Age
Ending age
Imperial Age
RankedLock teamsTeams togetherTeam positionsShared explorationLock speedFull tech treeHidden civsTurbo modeCheats
Victory
Defeat
🇺🇸 Georgians · United States
1121
+14
🇺🇸 Poles · United States
1089
+15
🇦🇷 Huns · Argentina
1158
-18
🇦🇷 Vietnamese · Argentina
986
-11
Barko
7:16 Loom
9:42 Feudal Age
13:35 Double-Bit Axe
16:17 Bloodlines
20:01 Horse Collar
23:30 Castle Age
22:05 Gold Mining
22:07 Fletching
22:57 Stone Mining
24:14 Bodkin Arrow
24:20 Padded Archer Armor
25:04 Wheelbarrow
25:05 Heavy Plow
26:54 Bow Saw
28:30 Ballistics
30:28 Leather Archer Armor
32:13 Town Watch
32:44 Hand Cart
38:37 Imperial Age
37:21 Sanctity
38:42 Husbandry
39:22 Bracer
MisterBinks
9:51 Loom
11:40 Feudal Age
17:59 Castle Age
17:17 Double-Bit Axe
17:41 Horse Collar
18:50 Husbandry
20:47 Bloodlines
22:06 Forging
26:44 Scale Barding Armor
28:19 Bow Saw
31:21 Stone Mining
35:07 Iron Casting
35:20 Gold Mining
36:29 Scale Mail Armor
37:33 Chain Mail Armor
38:50 Heavy Plow
40:10 Wheelbarrow
JoaoWololo
11:30 Feudal Age
29:43 Castle Age
28:43 Man-at-Arms
OcultoElTopo
0:34 Loom
11:11 Feudal Age
12:15 Double-Bit Axe
17:00 Forging
18:22 Scale Barding Armor
20:27 Wheelbarrow
23:28 Castle Age
23:04 Bloodlines
23:32 Pikeman
24:36 Light Cavalry
26:34 Squires
28:57 Scale Mail Armor
29:40 Iron Casting
32:24 Husbandry
35:16 Marauders
36:07 Gold Mining
37:16 Hand Cart
Connection lost

Rejoining the realm…

Still unreachable

The connection could not be restored.

Session expired

The server has moved on; the page needs a fresh start.